 Seeded DCSS version 0.29.1-15-g9cfb28693d (webtiles) character file.

Game seed: 16245865983455551772 (custom seed)

22844 Psyclone the Thaumaturge (level 12, -12/73 HPs)
             Began as a Deep Elf Conjurer on Sept 24, 2023.
             Was an Initiate of Ashenzari.
             Mangled by an ironbound frostheart (14 damage)
             ... in an ice cave.
             The game lasted 00:47:03 (14158 turns).

Psyclone the Thaumaturge (Deep Elf Conjurer)       Turns: 14158, Time: 00:47:04

Health: -12/73     AC:  9    Str:  8    XL:     12   Next: 66%
Magic:  12/28      EV: 15    Int: 39    God:    Ashenzari [......]
Gold:   874        SH:  8    Dex: 13    Spells: 0/31 levels left

rFire   x . .      SeeInvis .   a - staff of conjuration
rCold   + . .      Faith    .   y - +3 buckler of Joxaidul {rPois rN+ Str+4 Int+4}
rNeg    + . .      Spirit   .   c - +1 robe {Archmagi}
rPois   +          Reflect  .   D - +2 hat
rElec   .          Harm     .   J - +1 cloak {Stlth+}
rCorr   .          Rampage  .   E - +1 pair of gloves
Will    +....      Archmagi +   (no boots)
Stlth   +++.......              o - amulet of regeneration
HPRegen 1.02/turn               M - ring of ice
MPRegen 0.21/turn               g - +6 ring of intelligence

@: radiating poison, frozen, very slow
A: no striking features
a: Renounce Religion, Curse Item


You were in an ice cave.
You worshipped Ashenzari.
Ashenzari was noncommittal.
You visited 2 branches of the dungeon, and saw 12 of its levels.
You also visited: Ice Cave.

You collected 874 gold pieces.

Inventory:

Hand Weapons
 b - a +1 dagger of venom
Armour
 c - a +1 robe of the Archmagi (worn)
 y - the +3 buckler of Joxaidul (worn) {rPois rN+ Str+4 Int+4}
   (You acquired it on level 6 of the Dungeon)

   Str:       It affects your strength (+4).
   Int:       It affects your intelligence (+4).
   rPois:     It protects you from poison.
   rN:        It protects you from negative energy.
 D - a +2 hat (worn)
 E - a +1 pair of gloves (worn)
 J - a +1 cloak of stealth (worn)
 N - a +2 robe of cold resistance
Magical Staves
 a - a staff of conjuration (weapon)
 G - a staff of poison
Jewellery
 g - a +6 ring of intelligence (right hand)
 h - a +6 ring of intelligence
 o - an amulet of regeneration (around neck)
 w - a ring of ice
 M - a ring of ice (left hand)
Wands
 m - a wand of roots (35)
 t - a wand of flame (87)
 C - a wand of charming (17)
Scrolls
 f - 9 scrolls of teleportation {unknown}
 j - 5 scrolls of identify {@r1}
 k - 2 scrolls of enchant weapon {unknown}
 l - 2 scrolls of summoning {unknown}
 n - a scroll of noise {unknown}
 p - 3 scrolls of immolation {unknown}
 u - a scroll of silence {unknown}
 x - a scroll of butterflies {unknown}
 A - 6 scrolls of amnesia {unknown}
 H - 2 scrolls of poison
 K - 2 scrolls of enchant armour
 O - a scroll of magic mapping
Potions
 d - 2 potions of flight {unknown}
 e - a potion of might {unknown}
 i - 5 potions of lignification {unknown}
 q - 2 potions of mutation
 r - a potion of heal wounds
 s - 4 potions of berserk rage {unknown}
 v - 6 potions of brilliance {unknown}
 z - 5 potions of curing
 B - 3 potions of attraction {unknown}
 I - 4 potions of degeneration
 L - a potion of cancellation
Miscellaneous
 F - a piece from Xom's chessboard (15/15)


   Skills:
 - Level 8.0 Fighting
 - Level 8.0 Dodging
 - Level 2.5 Stealth
 - Level 4.0 Shields
 - Level 10.0 Spellcasting
 + Level 9.4 Conjurations
 - Level 8.0 Transmutations
 + Level 9.4 Fire Magic
 + Level 9.4 Poison Magic


You couldn't memorise any spells.
You knew the following spells:

 Your Spells              Type           Power      Damage    Failure   Level
a - Magic Dart            Conj           100%       1d8       1%          1
b - Searing Ray           Conj           100%       2d8       1%          2
c - Mephitic Cloud        Conj/Pois/Air  100%       N/A       1%          3
d - Fulminant Prism       Conj/Hex       45%        3d21      3%          4
e - Irradiate             Conj/Tmut      57%        3d30      1%          5
f - Freezing Cloud        Conj/Ice/Air   49%        6-21      19%         5
q - Blink                 Tloc           58%        N/A       3%          2
s - Ignite Poison         Fire/Tmut/Pois 94%        N/A       1%          3
v - Poisonous Vapours     Pois/Air       100%       N/A       1%          2
x - Olgreb's Toxic Radia  Pois           96%        N/A       1%          4

Your spell library contained the following spells:

 Spells                   Type           Power      Damage    Failure   Level
 Sting                    Tmut/Pois      100%       1d8       1%          1
 Dazzling Flash           Conj/Hex       100%       N/A       1%          3
 Spider Form              Tmut/Pois      92%        N/A       1%          3
 Ensorcelled Hibernation  Hex/Ice        86%        N/A       3%          2
 Sublimation of Blood     Necr           29%        N/A       3%          2
 Iskenderun's Mystic Bla  Conj/Tloc      91%        2d18      3%          4
 Petrify                  Tmut/Erth      66%        N/A       4%          4
 Confusing Touch          Hex            29%        N/A       7%          3
 Lesser Beckoning         Tloc           29%        N/A       7%          3
 Yara's Violent Unravell  Hex/Tmut       33%        3d14      13%         5
 Anguish                  Hex/Necr       14%        N/A       24%         4
 Manifold Assault         Tloc           29%        N/A       54%         5
 Summon Forest            Summ/Tloc      14%        N/A       54%         5
 Summon Mana Viper        Hex/Summ       29%        N/A       54%         5
 Summon Cactus Giant      Summ           14%        N/A       98%         6
 Enfeeble                 Hex            14%        N/A       100%        7
 Chain Lightning          Conj/Air       45%        3d60      100%        9
 Fire Storm               Conj/Fire      59%        8d15      100%        9
 Shatter                  Erth           14%        3d14*     100%        9


Dungeon Overview and Level Annotations

Branches:
Dungeon (11/15) Zot: 25449  Temple (0/1) D:5            Lair (1/5) D:8 Zot: 5789
  IceCv (1/1) Zot: 4839
    Orc: D:9-12

Altars:
Ashenzari
Cheibriados
Dithmenos
Hepliaklqana
Makhleb
Okawaru
Qazlal
Ru
Xom
Zin

Shops:
D:3 [   D:4 *:[   D:7 =


Message History

The ironbound frostheart calls freezing cold from the walls.
The frost grips you! You partially resist.
You are encased in ice.
The polar bear growls angrily.
The yak bellows!
You take 14 damage, and have 59/73 hp.
Casting: Ignite Poison (safe; 1% risk of failure)
Confirm with . or Enter, or press ? or * to list all spells.
Aiming: Poisonous Vapours (safe; 1% risk of failure)
Press: ? - help, Dir - move target, f - ironbound frostheart
Aim: an ironbound frostheart, wearing a +0 ring mail (wandering, hasn't noticed you)
Okay, then.
Casting: Poisonous Vapours (safe; 1% risk of failure)
Confirm with . or Enter, or press ? or * to list all spells.
You feel a surge of power!
You begin to radiate toxic energy.
The polar bear is poisoned.
The death yak is poisoned.
The yak is poisoned.
The polar bear is poisoned.
The ironbound frostheart shouts!
The ironbound frostheart is poisoned. x2; The polar bear is poisoned.
The death yak is poisoned.
The death yak looks even sicker.
The polar bear looks even sicker. x2; The death yak looks even sicker.
You block the ironbound frostheart's attack.
You now have 14/28 mp.
Casting: Olgreb's Toxic Radiance (mildly dangerous; 1% risk of failure)
Confirm with . or Enter, or press ? or * to list all spells.
Aiming: Poisonous Vapours (safe; 1% risk of failure)
Press: ? - help, Dir - move target, f - ironbound frostheart
Aim: an ironbound frostheart, wearing a +0 ring mail (lightly wounded, poisoned)
You feel a surge of power!
Poisonous vapours surround the ironbound frostheart!
The ironbound frostheart looks as sick as possible!
The yak looks even sicker.
The polar bear looks even sicker.
The ironbound frostheart looks as sick as possible!
The yak gores you!
The ironbound frostheart calls freezing cold from the walls.
The frost grips you!!! You partially resist.
* * * LOW HITPOINT WARNING * * *
The ironbound frostheart touches you!
* * * LOW HITPOINT WARNING * * *
The ironbound frostheart freezes you! You resist.
You die...

##.# :# ####§○§§ $.
#.#.☼☼.§ ###p
#####..# ##...
###....### #...h
##...#....###
#.hh###.†####.....##
#YpY##..#####....†##
###@.##...######†...
#..###.....# ##...
###.#.#..[## ###†
##.###### ########
### ###....##.
###...#....#
###....#######
##...#### ####...##


You could see a death yak (very poisoned), 2 ironbound frosthearts, 3 polar
bears and a yak (very poisoned).

Vanquished Creatures
  Fannar (D:10)
  3 two-headed ogres
  A hell knight (D:11)
  Amaemon (D:8)
  An ugly thing (IceCv)
  Maurice (D:8)
  Joseph (D:8)
  An ice statue (IceCv)
  An orange demon (D:8)
  Psyche (D:8)
  A kobold demonologist (D:11)
  3 komodo dragons
  An unseen horror (D:11)
  2 rime drakes (IceCv)
  2 ice devils (Lair:1)
  A troll (D:10)
  A polar bear (shapeshifter) (D:11)
  A hornet (D:8)
  8 polar bears (IceCv)
  Sigmund (D:5)
  4 wyverns
  2 shadows
  A human (D:11)
  33 yaks
  3 hogs (D:11)
  A fire elemental (D:11)
  A steam dragon (D:7)
  A water moccasin (D:6)
  2 ice beasts
  3 orc warriors
  3 black bears
  An ogre (D:4)
  22 wolves
  A phantom (D:6)
  4 centaurs
  5 kobold brigands
  5 bullfrogs
  2 necrophages
  A gnoll sergeant (D:11)
  6 scorpions
  11 wights
  5 killer bees
  4 howler monkeys
  A lava snake (D:11)
  4 orc priests
  A gnoll bouda (D:7)
  4 hounds
  An iron imp (D:4)
  Jessica (D:2)
  3 iguanas
  8 orc wizards
  Natasha (thrice) (D:3)
  A hound skeleton (D:4)
  11 gnolls
  5 adders
  A white imp (D:5)
  A dart slug (D:5)
  29 orcs
  6 ball pythons
  3 bats
  8 endoplasms
  A giant cockroach (D:4)
  5 goblins
  8 hobgoblins
  31 kobolds
  4 quokkas
  3 frilled lizards
  7 rats
304 creatures vanquished.

Vanquished Creatures (others)
  An orc wizard (D:10)
  26 fulminant prisms
  28 fungi
  31 plants
86 creatures vanquished.

Grand Total: 390 creatures vanquished

Notes
Turn   | Place    | Note
-------+----------+-------------------------------------------
     0 | D:1      | Psyclone the Deep Elf Conjurer began the quest for the Orb.
     0 | D:1      | Reached XP level 1. HP: 10/10 MP: 6/6
    86 | D:1      | Identified 3 scrolls of acquirement
    86 | D:1      | Acquired a staff of conjuration
    87 | D:1      | Acquired a Trismegistus Codex
    88 | D:1      | Acquired a book of Alchemy
   174 | D:1      | Found a faded altar of an unknown god.
   243 | D:1      | Reached XP level 2. HP: 15/15 MP: 6/8
  1176 | D:1      | Learned a level 2 spell: Searing Ray
  1232 | D:2      | Learned a level 2 spell: Poisonous Vapours
  1431 | D:2      | Reached skill level 4 in Spellcasting
  1431 | D:2      | Reached XP level 3. HP: 19/19 MP: 5/10
  1583 | D:2      | Noticed Jessica
  1586 | D:2      | Killed Jessica
  1587 | D:2      | Reached skill level 5 in Conjurations
  2262 | D:3      | Reached XP level 4. HP: 24/24 MP: 9/12
  2334 | D:3      | Found Ymmy Ciutu's Antique Armour Shoppe.
  2358 | D:3      | Reached skill level 5 in Spellcasting
  2646 | D:3      | Reached XP level 5. HP: 19/28 MP: 4/15
  3004 | D:3      | Noticed Natasha
  3007 | D:3      | Killed Natasha
  3064 | D:3      | Reached skill level 6 in Spellcasting
  3098 | D:3      | Noticed Natasha
  3104 | D:3      | Killed Natasha
  3105 | D:3      | Reached skill level 1 in Poison Magic
  3163 | D:3      | Noticed Natasha
  3167 | D:3      | Killed Natasha
  3270 | D:3      | Learned a level 3 spell: Ignite Poison
  3275 | D:3      | Learned a level 4 spell: Fulminant Prism
  3280 | D:3      | Learned a level 4 spell: Olgreb's Toxic Radiance
  3318 | D:4      | Noticed an ogre
  3324 | D:4      | Killed an ogre
  3325 | D:4      | Reached XP level 6. HP: 32/32 MP: 10/17
  3518 | D:4      | Found Koenoidu's Book Boutique.
  3581 | D:4      | Found a snail-covered altar of Cheibriados.
  3669 | D:4      | Found Tuuwolaw's General Store.
  3719 | D:4      | Found Gamycsypi's Antique Armour Boutique.
  3752 | D:4      | Found a burning altar of Makhleb.
  3759 | D:4      | Reached skill level 5 in Poison Magic
  3911 | D:4      | Reached XP level 7. HP: 12/36 MP: 12/18
  4111 | D:4      | Found a shadowy altar of Dithmenos.
  4292 | D:5      | Entered Level 5 of the Dungeon
  4296 | D:5      | Noticed Sigmund
  4315 | D:5      | Killed Sigmund
  4741 | D:5      | Found a glowing silver altar of Zin.
  5046 | D:5      | Reached XP level 8. HP: 42/48 MP: 14/19
  5150 | D:5      | Found a staircase to the Ecumenical Temple.
  5530 | D:6      | Acquired the +3 buckler of Joxaidul {rPois rN+ Str+4 Int+4}
  5608 | D:6      | HP: 1/48 [orc warrior/+0 battleaxe (17)]
  5616 | D:6      | Reached skill level 1 in Shields
  6849 | D:7      | Found Dackej's Jewellery Shoppe.
  6849 | D:7      | You fall into a shaft and drop 3 floors!
  6849 | D:10     | Entered Level 10 of the Dungeon
  6863 | D:10     | Reached skill level 5 in Fighting
  6863 | D:10     | Reached skill level 5 in Dodging
  6863 | D:10     | Reached XP level 9. HP: 20/54 MP: 5/20
  7067 | D:9      | Noticed a two-headed ogre
  7070 | D:9      | Killed a two-headed ogre
  7226 | D:9      | Found an iron altar of Okawaru.
  7226 | D:9      | Found a shimmering altar of Xom.
  7226 | D:9      | Found a broken altar of Ashenzari.
  7235 | D:9      | Became a worshipper of Ashenzari the Shackled
  7282 | D:9      | Found a sacrificial altar of Ru.
  7369 | D:9      | Reached XP level 10. HP: 50/64 MP: 10/21
  7469 | D:9      | Noticed a two-headed ogre
  7476 | D:9      | Killed a two-headed ogre
  7685 | D:8      | Noticed Amaemon
  8363 | D:7      | Found a hazy altar of Hepliaklqana.
  8845 | D:7      | Reached skill level 5 in Transmutations
  8845 | D:7      | Reached skill level 5 in Fire Magic
  9221 | D:8      | Noticed Joseph
  9235 | D:8      | Killed Joseph
  9359 | D:8      | Learned a level 2 spell: Blink
  9506 | D:8      | Noticed an orange demon
  9520 | D:8      | Killed Amaemon
  9521 | D:8      | Reached skill level 7 in Spellcasting
  9521 | D:8      | Reached XP level 11. HP: 68/68 MP: 12/23
  9555 | D:8      | Noticed Maurice
  9567 | D:8      | Killed Maurice
  9568 | D:8      | Reached skill level 8 in Spellcasting
  9740 | D:8      | Noticed Psyche
  9744 | D:8      | Killed Psyche
  9745 | D:8      | Reached skill level 9 in Spellcasting
  9748 | D:8      | Found a stormy altar of Qazlal.
 10111 | D:8      | Found a staircase to the Lair.
 10226 | D:10     | Reached skill level 10 in Spellcasting
 10641 | D:10     | Noticed Fannar
 10648 | D:10     | Killed Fannar
 11437 | D:11     | Noticed a hell knight
 11446 | D:11     | Killed a hell knight
 11950 | D:11     | Noticed a two-headed ogre
 11953 | D:11     | Killed a two-headed ogre
 12661 | Lair:1   | Entered Level 1 of the Lair of Beasts
 12703 | Lair:1   | Reached XP level 12. HP: 73/73 MP: 10/28
 12982 | Lair:1   | Found a frozen archway.
 12995 | IceCv    | Entered an ice cave
 13036 | IceCv    | Learned a level 3 spell: Mephitic Cloud
 13042 | IceCv    | Learned a level 5 spell: Irradiate
 13048 | IceCv    | Learned a level 5 spell: Freezing Cloud
 14155 | IceCv    | Noticed an ironbound frostheart
 14156 | IceCv    | Noticed a death yak
 14156 | IceCv    | Noticed an ironbound frostheart
 14156 | IceCv    | Noticed a death yak
 14158 | IceCv    | HP: 2/73 [ironbound frostheart (13)]
 14158 | IceCv    | Mangled by an ironbound frostheart

Illustrated notes

Levels and vault maps discovered:
D:1:      minmay_arrival_hallway, layout_loops_corners, basic_ecumenical_altar,
          minmay_unequal
D:2:      layout_loops_ring, uniq_jessica
D:3:      layout_basic, serial_shops, nicolae_shop_advertising_works
          [nicolae_subvault_shop_adworks], minmay_shallow_snake_nest,
          uniq_natasha
D:4:      layout_rooms, grunt_dithmenos_smoke_and_mirrors,
          makhleb_blood_cavern_becter, slow_altar_1, serial_shops,
          nicolae_square_shop, nicolae_shop_temple_entry_statues_fountains,
          kennysheep_mini_moat, chequers_serial_rivers_large_a,
          minmay_fractal_squares_gapless_5
D:5:      layout_layer_cave, mainiacjoe_overflow_cross_hatched,
          lemuel_temple_firewalk_b, uniq_sigmund
D:6:      layout_basic
D:7:      layout_basic, nicolae_hepliaklqana_hazy_memory, serial_shops,
          nicolae_stop_n_shop_2
D:8:      layout_basic, nicolae_qazlal_style_of_elements,
          grunt_lair_entry_orc_guard_hut, uniq_amaemon, uniq_psyche,
          uniq_joseph, uniq_maurice
D:9:      layout_roguey, nicolae_overflow_crystal_walls,
          gammafunk_temple_overflow_claw
D:10:     layout_loops_ring, uniq_fannar
D:11:     layout_long_grid, grunt_livestock, kennysheep_island_fort
Lair:1:   layout_loops_ring, portal_ice_cave_demonic_guard, grunt_megastairs_2
IceCv:    ice_cave_caverns_01

Skill      XL: |  1  2  3  4  5  6  7  8  9 10 11 12 |
---------------+-------------------------------------+-----
Spellcasting   | 4 5 6 7 10 | 10.0
Conjurations   | 5 6 7 9 |  9.4
Poison Magic   | 3 5 6 7 9 |  9.4
Fighting       | 4 5 7 8 |  8.0
Shields        | 4 |  4.0
Dodging        | 5 8 |  8.0
Transmutations | 6 7 8 |  8.0
Fire Magic     | 6 7 9 |  9.4
Stealth        | |  2.5

Action                   |  1- 3 |  4- 6 |  7- 9 | 10-12 || total
-------------------------+-------+-------+-------+-------++-------
Melee: Staff             |       |       |       |    10 ||    10
 Cast: Magic Dart        |    45 |    45 |    40 |    26 ||   156
       Searing Ray       |     5 |    19 |    24 |    23 ||    71
       Olgreb's Toxic Ra |       |       |     7 |    52 ||    59
       Fulminant Prism   |       |       |     4 |    22 ||    26
       Ignite Poison     |       |       |     6 |    63 ||    69
       Poisonous Vapours |       |       |     4 |    31 ||    35
       Blink             |       |       |       |     1 ||     1
  Use: Scroll            |     3 |       |     1 |     7 ||    11
       Potion            |       |       |     2 |       ||     2
Armor: Robe              |     2 |       |     7 |    26 ||    35
Dodge: Dodged            |     3 |     7 |    27 |    54 ||    91
Block: Buckler           |       |       |       |    41 ||    41
